 Dungeon Crawl Stone Soup version 0.21.1-1-g345015fe64 (webtiles) character file.

43 MasterOak the Cudgeler (level 3, 0/30 HPs)
             Began as a Ghoul Gladiator on July 9, 2018.
             Slain by an adder (3 damage)
             ... on level 1 of the Dungeon.
             The game lasted 00:08:16 (1715 turns).

MasterOak the Cudgeler (Ghoul Gladiator)            Turns: 1715, Time: 00:08:17

Health: 0/30       AC:  4    Str: 18    XL:     3   Next: 58%
Magic:  2/2        EV: 12    Int:  3    God:
Gold:   99         SH:  0    Dex: 10    Spells: 2/2 levels left

rFire    . . .     SeeInvis .   a - +0 flail
rCold    + . .     Gourm    .   (no shield)
rNeg     + + +     Faith    .   b - +0 leather armour
rPois    ∞         Spirit   .   c - +0 helmet
rElec    .         Reflect  .   (no cloak)
rCorr    .         Harm     .   (no gloves)
MR       .....                  (no boots)
Stlth    +.........             (no amulet)
HPRegen  0.00/turn              (no ring)
MPRegen  0.08/turn              (no ring)

@: rotting
A: rotting body, claws 1, carnivore, cold resistance 1, negative energy
resistance 3, inhibited regeneration, torment resistance, unbreathing
a: no special abilities


You were on level 1 of the Dungeon.
You were not hungry.

You visited 1 branch of the dungeon, and saw 2 of its levels.

You collected 99 gold pieces.

Inventory:

Hand Weapons
 a - a +0 flail (weapon)
Missiles
 d - 3 throwing nets
 e - 7 poisoned javelins (quivered)
 h - 20 stones
Armour
 b - a +0 leather armour (worn)
 c - a +0 helmet (worn)
Scrolls
 g - a scroll of enchant weapon {unknown}
 i - a scroll of identify {unknown}
 j - a scroll of immolation {unknown}
 k - a scroll of magic mapping {unknown}
 n - a scroll of random uselessness {unknown}
 o - a scroll of enchant armour {unknown}
 s - a scroll of remove curse {unknown}
Potions
 l - a potion of magic {unknown}
 m - a potion of ambrosia {unknown}
 q - a potion of heal wounds {unknown}
 r - a potion of lignification {unknown}
Comestibles
 f - 4 rations


   Skills:
 + Level 2.4 Fighting
 + Level 3.2 Maces & Flails
 + Level 2.1 Throwing
 + Level 0.4 Armour
 + Level 3.2 Dodging


You had 2 spell levels left.
You didn't know any spells.

Dungeon Overview and Level Annotations

Branches:
Dungeon (2/15)

Altars:


Innate Abilities, Weirdness & Mutations

Your body is rotting away.
You thrive on raw meat.
You are immune to poison.
You have sharp fingernails.
You are carnivorous and can eat meat at any time.
Your flesh is cold resistant. (rC+)
You are immune to negative energy. (rN+++)
You do not regenerate when monsters are visible.
You are immune to unholy pain and torment.
You can survive without breathing.


Message History

You hit the adder but do no damage. The adder bites you but does no damage.
You barely miss the adder. The adder barely misses you. x2
You closely miss the adder. The adder bites you.
You closely miss the adder. The adder bites you.
The adder bites you but does no damage.
You barely miss the adder. The adder bites you.
* * * LOW HITPOINT WARNING * * *
The adder bites you but does no damage.
You closely miss the adder. The adder bites you.
* * * LOW HITPOINT WARNING * * *
You hit the adder.
The adder is lightly wounded.
The adder bites you.
* * * LOW HITPOINT WARNING * * *
The adder bites you.
* * * LOW HITPOINT WARNING * * *
You sock the adder!
The adder is almost dead.
The adder bites you.
You die...

#######
......############
......'........S@#
......####.#######
......# #.#
......# #.#
......# #.#
......# #.#
##+#### #.# ...#
#.# .#### #.#
########


You could see an adder.

Vanquished Creatures
  A worm (D:1)
  2 leopard geckos (D:1)
  2 ball pythons (D:1)
  3 bats (D:1)
  2 giant cockroaches (D:1)
  4 goblins (D:1)
  4 hobgoblins (D:1)
  5 jackals (D:1)
  4 kobolds (D:1)
  5 frilled lizards (D:1)
  3 rats (D:1)
35 creatures vanquished.

Notes
Turn   | Place    | Note
-------+----------+-------------------------------------------
     0 | D:1      | MasterOak the Ghoul Gladiator began the quest for the Orb.
     0 | D:1      | Reached XP level 1. HP: 17/17 MP: 0/0
   447 | D:1      | Reached XP level 2. HP: 8/23 MP: 1/1
   924 | D:1      | Reached XP level 3. HP: 21/28 MP: 2/2
  1715 | D:1      | Slain by an adder

Skill      XL: |  1  2 |
---------------+-------+-----
Maces & Flails | 3 |  3.2
Dodging        | 3 |  3.2
Throwing       | 2 |  2.1
Fighting       | |  2.4
Armour         | |  0.4

Action                   || total
-------------------------++-------
Melee: Flail             ||   114
Throw: Javelin           ||     5
  Eat: Chunk             ||    15
Armor: Leather armour    ||    47
Dodge: Dodged            ||   106
